 Dungeon Crawl Stone Soup version 0.31-a0-44-g49d609d0da (webtiles) character file.

Game seed: 11605450957899135300

24449 pokeman the Eclecticist (level 12, -4/61 (66) HPs)
             Began as a Deep Elf Hedge Wizard on May 20, 2023.
             Was an Elder of Vehumet.
             Shot with an arrow by a centaur warrior (18 damage)
             ... on level 13 of the Dungeon.
             The game lasted 00:54:24 (16774 turns).

pokeman the Eclecticist (Deep Elf Hedge Wizard)    Turns: 16774, Time: 00:54:25

HP:   -4/61 (66)    AC:  9    Str:  7    XL:     12   Next: 80%
MP:   36/45         EV: 13    Int: 28    God:    Vehumet [****..]
Gold: 444           SH:  0    Dex: 14    Spells: 4/47 levels left

rFire   . . .        E - +2 whip (venom)
rCold   . . .        (no shield)
rNeg    . . .        M - +0 steam dragon scales of Winter {rCorr Int+3}
rPois   +            G - +0 helmet
rElec   +            o - +0 cloak {Will+}
rCorr   +            J - +0 pair of gloves
SInv    .            (no boots)
Will    ++...        i - amulet of magic regeneration
Stlth   +            W - ring "Viupn" {Fly rElec rPois MP+9 Stlth-}
HPRegen 0.30/turn    L - ring of wizardry
MPRegen 0.69/turn

%: wizardry (x1)
@: flying, drained
A: no striking features
a: Renounce Religion


You were on level 13 of the Dungeon.
You worshipped Vehumet.
Vehumet was greatly pleased with you.
You visited 3 branches of the dungeon, and saw 15 of its levels.
You also visited: Sewer, Bailey and Ice Cave.

You collected 898 gold pieces.
You spent 454 gold pieces at shops.

Inventory:

Hand Weapons
 m - the +8 demon trident "Rift" {distort, reach+}
   (You took it off a red devil on level 8 of the Dungeon)
 E - a +2 whip of venom (weapon)
Missiles
 I - 3 curare-tipped darts
 Z - 2 throwing nets
Armour
 a - a +1 buckler of cold resistance
 c - a +2 leather armour of cold resistance
 o - a +0 cloak of willpower (worn)
 G - a +0 helmet (worn)
 J - a +0 pair of gloves (worn)
 M - the +0 steam dragon scales of Winter (worn) {rCorr Int+3}
   (You took it off a spriggan in a bailey)

   Int:       It affects your intelligence (+3).
   rCorr:     It protects you from acid and corrosion.
 P - an orb of light
 R - a +0 buckler
Jewellery
 b - a ring of protection from cold
 i - an amulet of magic regeneration (around neck)
 l - a ring of willpower
 L - a ring of wizardry (right hand)
 W - the ring "Viupn" (left hand) {Fly rElec rPois MP+9 Stlth-}
   (You bought it in a shop on level 8 of the Dungeon)

   [ring of magical power]

   rElec:     It insulates you from electricity.
   rPois:     It protects you from poison.
   MP:        It affects your magic capacity (+9).
   Fly:       It grants you flight.
   Stlth:     It makes you less stealthy.
Wands
 Q - a wand of digging (4)
 T - a wand of roots (12)
 Y - a wand of quicksilver (16)
Scrolls
 e - 3 scrolls of amnesia
 j - 3 scrolls of magic mapping
 k - 9 scrolls of teleportation
 p - a scroll of fog
 q - a scroll of silence {unknown}
 u - 2 scrolls of blinking
 v - 2 scrolls of summoning
 x - 5 scrolls of enchant weapon
 z - 3 scrolls of vulnerability {unknown}
 C - 4 scrolls of enchant armour {unknown}
Potions
 d - 3 potions of magic
 f - a potion of brilliance
 g - a potion of berserk rage
 h - 2 potions of mutation {unknown}
 n - 2 potions of heal wounds
 r - a potion of flight
 A - 4 potions of curing
 B - a potion of haste
 K - 2 potions of degeneration {unknown}
 N - 2 potions of resistance {unknown}
 O - a potion of attraction {unknown}


   Skills:
 - Level 4.0 Fighting
 - Level 4.4 Armour
 - Level 3.0 Dodging
 - Level 3.0 Stealth
 + Level 5.0 Shields
 * Level 18.1 Spellcasting
 + Level 10.8 Conjurations
 - Level 7.2 Summonings
 - Level 1.1 Translocations
 + Level 7.4 Fire Magic
 - Level 1.0 Air Magic
 - Level 1.0 Poison Magic
 - Level 1.0 Evocations


You had 4 spell levels left.
You knew the following spells:

 Your Spells              Type           Power      Damage    Failure   Level
a - Magic Dart            Conj           100%       1d8       0%          1
b - Mephitic Cloud        Conj/Pois/Air  49%        N/A       1%          3
c - Call Imp              Summ           100%       N/A       1%          2
d - Blink                 Tloc           62%        N/A       1%          2
e - Fireball              Conj/Fire      33%        3d14      1%          5
f - Stone Arrow           Conj/Erth      100%       3d13      1%          3
g - Sticky Flame          Conj/Fire      66%        2d8       1%          4
h - Orb of Destruction    Conj           36%        9d11      2%          7
i - Call Canine Familiar  Summ           60%        N/A       1%          3
j - Iskenderun's Battles  Conj           72%        2d12      1%          5
k - Ignition              Fire           30%        3d10      45%         8

Your spell library contained the following spells:

 Spells                   Type           Power      Damage    Failure   Level
 Volatile Blastmotes      Fire/Tloc      98%        2d18      1%          3
 Freeze                   Ice            100%       1d10      1%          1
 Slow                     Hex            100%       N/A       1%          1
 Sting                    Tmut/Pois      100%       1d8       1%          1
 Cigotuvi's Dreadful Rot  Necr/Pois/Air  58%        N/A       1%          2
 Poisonous Vapours        Pois/Air       62%        N/A       1%          2
 Searing Ray              Conj           100%       2d8       1%          2
 Sublimation of Blood     Necr           25%        N/A       1%          2
 Frozen Ramparts          Ice            50%        1d8       1%          3
 Hailstorm                Conj/Ice       54%        3d12      1%          3
 Ignite Poison            Fire/Tmut/Pois 41%        N/A       1%          3
 Inner Flame              Hex/Fire       46%        N/A       1%          3
 Portal Projectile        Hex/Tloc       56%        N/A       1%          3
 Fulminant Prism          Conj/Hex       27%        3d14      1%          4
 Olgreb's Toxic Radiance  Pois           30%        N/A       1%          4
 Ozocubu's Armour         Ice            25%        N/A       2%          3
 Tukima's Dance           Hex            25%        N/A       2%          3
 Passage of Golubria      Tloc           31%        N/A       4%          4
 Leda's Liquefaction      Hex/Erth       12%        N/A       7%          4
 Petrify                  Tmut/Erth      25%        N/A       7%          4
 Irradiate                Conj/Tmut      27%        3d20      1%          5
 Conjure Ball Lightning   Conj/Air       27%        3x3d8     3%          6
 Lee's Rapid Deconstruct  Erth           12%        3d9*      5%          5
 Yara's Violent Unravell  Hex/Tmut       12%        3d7       5%          5
 Statue Form              Tmut/Erth      16%        N/A       69%         6
 Ozocubu's Refrigeration  Ice            12%        4d10      75%         7
 Enfeeble                 Hex            12%        N/A       99%         7
 Discord                  Hex            12%        N/A       100%        8
 Disjunction              Tloc           15%        N/A       100%        8


Dungeon Overview and Level Annotations

Branches:
Dungeon (13/15)            Temple (1/1) D:4            Lair (1/5) D:8
    Orc (0/2) D:10          Sewer (visited)          Bailey (visited)
  IceCv (visited)
 Vaults: D:13-14

Altars:
Ashenzari
Cheibriados
Dithmenos
Elyvilon
Fedhas
Gozag
Hepliaklqana
Kikubaaqudgha
Makhleb
Nemelex Xobeh
Okawaru
Qazlal
Ru
Sif Muna
Trog
Uskayaw
Vehumet
Wu Jian
Xom
Yredelemnul
Zin
The Shining One

Shops:
D:3 ?   D:4 *   D:6 =   D:8 =   D:11 [

Portals:
Abyss: D:8

Annotations:
D:12 1 runed translucent door, exclusion: orange crystal statue


Message History

Vehumet accepts your kill.
Unknown command.
You now have 434 gold pieces (gained 10).
p - a scroll of fog You now have 444 gold pieces (gained 10).
You see here a hydra corpse.
k - 9 scrolls of teleportation (gained 1)
Found 3 silver javelins.
q - a scroll labelled BIFUT FYOPRINA
Found 5 poisoned darts.
You reach down and open the door.
There is an open door here.
You reach down and open the door.
There is an open door here.
r - a potion of flight A centaur warrior comes into view.
Found a mace.
The centaur warrior shouts!
The centaur warrior wields a +1 shortbow of draining.
You sense an unholy aura.
The centaur warrior shoots an arrow.
The arrow hits you!
You feel drained.
Casting: Fireball (safe; 1% risk of failure)
Confirm with . or Enter, or press ? or * to list all spells.
Aiming: Fireball (safe; 1% risk of failure)
Press: ? - help, Shift-Dir - straight line The fireball explodes!
The fireball engulfs the centaur warrior!!
The centaur warrior is heavily wounded.
The centaur warrior shoots an arrow.
The arrow hits you!!
You feel drained.
* * * LOW HITPOINT WARNING * * *
Casting: Fireball (safe; 1% risk of failure)
Confirm with . or Enter, or press ? or * to list all spells.
Aiming: Fireball (safe; 1% risk of failure)
Press: ? - help, Shift-Dir - straight line, f - centaur warrior
Aim: a centaur warrior, wielding a +1 shortbow of draining (heavily wounded)
The fireball explodes!
The fireball engulfs the centaur warrior!!
The centaur warrior is almost dead.
The centaur warrior shoots an arrow.
The arrow hits you!!
You die...

######### #.......#
#.....#.#
#########.###.#.#####
.......@.............
.......##.#...#.#####
....... #.......#
....... #.......#
....).. ####.####
.c..... #.# .......
#.# ###.### #'##
#############..##


You could see a centaur warrior.

Vanquished Creatures
  Kirke (D:12)
  A reaper (IceCv)
  A hydra (D:13)
  2 two-headed ogres
  The ghost of Pokonic1 the Covert, a journeyman VSBe of Trog (D:8)
  A centaur warrior (D:13)
  A cyclops (D:12)
  2 deep elf pyromancers (D:13)
  2 ugly things (D:12)
  A manticore (D:12)
  2 ice statues (IceCv)
  Maurice (D:12)
  A gargoyle (D:12)
  4 cane toads (Lair:1)
  2 komodo dragons
  2 anaconda simulacra (IceCv)
  A tengu conjurer (D:9)
  A red devil (D:8)
  7 ice devils (IceCv)
  2 trolls
  A hornet (D:10)
  Grinder (D:3)
  A shadow (D:10)
  2 wraiths
  3 hogs (D:12)
  2 water elementals
  2 dire elephant simulacra (IceCv)
  3 spriggans (Bailey)
  6 yaks
  A basilisk (Lair:1)
  2 steam dragons
  3 water moccasins
  A hydra simulacrum (IceCv)
  6 orc warriors
  A black bear (D:6)
  10 ogres
  4 wolves (Lair:1)
  7 centaurs
  A phantom (D:10)
  4 kobold brigands
  4 bullfrogs
  A gnoll sergeant (D:11)
  A cane toad simulacrum (IceCv)
  A two-headed ogre simulacrum (IceCv)
  6 scorpions
  4 killer bees (D:10)
  3 elephant simulacra (IceCv)
  8 electric eels (D:12)
  2 howler monkeys
  A jelly (D:5)
  5 hounds
  A sleepcap (D:7)
  8 orc priests
  4 iguanas
  11 orc wizards
  2 spriggan simulacra (IceCv)
  A troll simulacrum (IceCv)
  A wolf simulacrum (Lair:1)
  3 gnolls (D:11)
  11 adders
  2 shadow imps
  4 white imps
  2 ufetubi (IceCv)
  3 worms
  39 orcs
  5 bats
  5 endoplasms
  8 giant cockroaches
  9 goblins
  3 hobgoblins
  2 jackals (D:4)
  25 kobolds
  8 quokkas
  11 ball pythons
  12 frilled lizards
  A hobgoblin zombie (D:10)
  An orc skeleton (D:10)
  7 orc zombies (D:10)
  6 rats
328 creatures vanquished.

Vanquished Creatures (collateral kills)
  A two-headed ogre (D:9)
  Joseph (D:9)
  A wraith (D:10)
  A shadow (D:11)
  2 yaks (D:12)
  A spriggan (Bailey)
  A small abomination (D:8)
  A phantom (D:10)
  A kobold brigand (D:10)
  A two-headed ogre simulacrum (IceCv)
  A troll zombie (D:10)
  3 orc priests
  5 ogre zombies (D:10)
  A naga simulacrum (IceCv)
  A white imp (IceCv)
  2 orcs
  A hobgoblin zombie (D:10)
  An orc skeleton (D:10)
  8 orc zombies (D:10)
34 creatures vanquished.

Grand Total: 362 creatures vanquished

Notes
Turn   | Place    | Note
-------+----------+-------------------------------------------
     0 | D:1      | pokeman the Deep Elf Hedge Wizard began the quest for the
                  | Orb.
     0 | D:1      | Reached XP level 1. HP: 10/10 MP: 7/7
   361 | D:1      | Reached XP level 2. HP: 15/15 MP: 7/9
   543 | D:1      | Found a faded altar of an unknown god.
   879 | D:2      | Reached skill level 5 in Spellcasting
   938 | D:2      | Reached XP level 3. HP: 20/20 MP: 3/11
   942 | D:2      | Learned a level 3 spell: Mephitic Cloud
   945 | D:2      | Learned a level 2 spell: Call Imp
   948 | D:2      | Learned a level 2 spell: Blink
  1187 | D:2      | Reached skill level 1 in Armour
  1247 | D:2      | Reached skill level 1 in Fighting
  1565 | D:2      | Reached XP level 4. HP: 25/25 MP: 6/13
  1959 | D:3      | Noticed Grinder
  2142 | D:3      | Paralysed by Grinder for 4 turns
  2417 | D:3      | Found a burning altar of Makhleb.
  2417 | D:3      | Found a glowing golden altar of the Shining One.
  2417 | D:3      | Found an ancient bone altar of Kikubaaqudgha.
  2419 | D:3      | Found a bloodstained altar of Trog.
  2419 | D:3      | Found a stormy altar of Qazlal.
  2802 | D:3      | Reached skill level 6 in Spellcasting
  2836 | D:3      | Found Rohirch's Magic Scroll Shop.
  2842 | D:3      | Bought a scroll of teleportation for 39 gold pieces
  2842 | D:3      | Bought a scroll of identify for 26 gold pieces
  2979 | D:3      | Reached XP level 5. HP: 29/29 MP: 9/15
  3259 | D:3      | Paralysed by Grinder for 4 turns
  3270 | D:3      | Paralysed by Grinder for 4 turns
  3277 | D:3      | Paralysed by Grinder for 2 turns
  3295 | D:3      | Paralysed by Grinder for 4 turns
  3303 | D:3      | Paralysed by Grinder for 3 turns
  3461 | D:4      | Found a glowing drain.
  3562 | Sewer    | Entered a sewer
  3880 | Sewer    | Reached skill level 1 in Air Magic
  3880 | Sewer    | Reached skill level 1 in Poison Magic
  4054 | Sewer    | Reached skill level 1 in Evocations
  4054 | Sewer    | Reached XP level 6. HP: 28/34 MP: 8/17
  4057 | Sewer    | Reached skill level 7 in Spellcasting
  4560 | D:4      | Found Bethropur's Overcharged Wands.
  4567 | D:4      | Found a staircase to the Ecumenical Temple.
  4576 | Temple   | Entered the Ecumenical Temple
  5218 | D:5      | Entered Level 5 of the Dungeon
  5231 | D:5      | Reached XP level 7. HP: 39/39 MP: 15/20
  5459 | D:5      | Reached skill level 8 in Spellcasting
  5753 | D:5      | Found an iron altar of Okawaru.
  6031 | D:6      | Learned a level 3 spell: Call Canine Familiar
  6074 | D:6      | Reached skill level 9 in Spellcasting
  6074 | D:6      | Reached XP level 8. HP: 9/44 MP: 21/23
  6372 | D:6      | Reached skill level 5 in Conjurations
  6399 | D:6      | Found Ataaf's Jewellery Emporium.
  6663 | D:7      | Reached skill level 10 in Spellcasting
  6762 | D:7      | Found a flagged portal.
  6793 | Bailey   | Entered a bailey
  6847 | Bailey   | Reached XP level 9. HP: 48/48 MP: 17/25
  6858 | Bailey   | Reached skill level 11 in Spellcasting
  6858 | Bailey   | Reached skill level 5 in Summonings
  6961 | Bailey   | Noticed a two-headed ogre
  6982 | Bailey   | Killed a two-headed ogre
  6983 | Bailey   | Reached skill level 12 in Spellcasting
  7047 | Bailey   | Identified the +0 steam dragon scales of Winter {rCorr
                  | Int+3}
  7382 | D:7      | Found a snail-covered altar of Cheibriados.
  7854 | D:8      | Reached XP level 10. HP: 47/56 MP: 28/28
  7904 | D:8      | You fall into a shaft and drop 3 floors!
  7904 | D:11     | Found a blossoming altar of Fedhas.
  7934 | D:10     | Entered Level 10 of the Dungeon
  8182 | D:9      | Found a broken altar of Ashenzari.
  8412 | D:8      | Reached skill level 13 in Spellcasting
  8563 | D:8      | Found a transporter.
  8564 | D:8      | Found a transporter.
  8567 | D:8      | Found a one-way gate to the infinite horrors of the Abyss.
  8567 | D:8      | Noticed Pokonic1's ghost (journeyman VSBe)
  8640 | D:8      | Learned a level 8 spell: Ignition
  9009 | D:8      | Found Xatynlirgh's Jewellery Boutique.
  9441 | D:8      | Found a staircase to the Lair.
  9463 | D:9      | Noticed a two-headed ogre
  9482 | D:9      | Killed a two-headed ogre
  9650 | D:9      | Found a radiant altar of Vehumet.
  9669 | D:9      | Became a worshipper of Vehumet
  9684 | D:9      | Found a hide-covered altar of Uskayaw.
  9691 | D:9      | Found a shimmering altar of Xom.
  9813 | D:9      | Reached skill level 1 in Fire Magic
  9932 | D:9      | Found a white marble altar of Elyvilon.
  9932 | D:9      | Noticed Joseph
  9943 | D:9      | Killed Joseph
  9944 | D:9      | Reached skill level 14 in Spellcasting
 10447 | D:8      | Bought the ring "Viupn" {Fly rElec rPois MP+9 Stlth-} for
                  | 389 gold pieces
 10769 | D:10     | Reached * piety under Vehumet
 10769 | D:10     | Offered knowledge of Kiss of Death by Vehumet.
 10774 | D:10     | Found a staircase to the Orcish Mines.
 10931 | D:10     | Reached XP level 11. HP: 52/61 MP: 31/31
 11224 | D:11     | Offered knowledge of Static Discharge by Vehumet.
 11226 | D:11     | Reached ** piety under Vehumet
 11450 | D:11     | Noticed a two-headed ogre
 11468 | D:11     | Killed a two-headed ogre
 11534 | D:11     | Found Afriun's Antique Armour Shop.
 12062 | D:12     | Noticed a purple ugly thing
 12070 | D:12     | Noticed a white ugly thing
 12104 | D:12     | Reached skill level 1 in Shields
 12261 | D:12     | Killed a purple ugly thing
 12262 | D:12     | Reached skill level 15 in Spellcasting
 12493 | Lair:1   | Entered Level 1 of the Lair of Beasts
 12512 | Lair:1   | Found a frozen archway.
 12538 | Lair:1   | Learned a level 4 spell: Sticky Flame
 12539 | IceCv    | Entered an ice cave
 12865 | IceCv    | Offered knowledge of Stone Arrow by Vehumet.
 12870 | IceCv    | Learned a level 3 spell: Stone Arrow
 13277 | IceCv    | Reached *** piety under Vehumet
 13594 | IceCv    | Reached skill level 16 in Spellcasting
 13594 | IceCv    | Reached skill level 5 in Fire Magic
 13644 | IceCv    | Noticed a reaper
 13860 | IceCv    | Killed a reaper
 14329 | Lair:1   | Reached XP level 12. HP: 60/66 MP: 34/34
 14502 | Lair:1   | Offered knowledge of Flame Wave by Vehumet.
 15123 | D:3      | Killed Grinder
 15323 | D:8      | Killed Pokonic1's ghost
 15324 | D:8      | Reached skill level 10 in Conjurations
 15581 | D:12     | Noticed Maurice
 15586 | D:12     | Reached skill level 17 in Spellcasting
 15721 | D:12     | Killed Maurice
 15723 | D:12     | Noticed Kirke
 15733 | D:12     | Killed Kirke
 15835 | D:12     | Reached **** piety under Vehumet
 16037 | D:12     | Learned a level 5 spell: Fireball
 16045 | D:12     | Learned a level 7 spell: Orb of Destruction
 16051 | D:12     | Learned a level 5 spell: Iskenderun's Battlesphere
 16064 | D:12     | Found a runed translucent door.
 16067 | D:12     | Noticed a crystal guardian
 16355 | D:12     | Offered knowledge of Volatile Blastmotes by Vehumet.
 16509 | D:12     | Noticed a crystal guardian
 16554 | D:13     | Noticed a centaur warrior
 16556 | D:13     | Killed a centaur warrior
 16662 | D:13     | Noticed a seven-headed hydra
 16663 | D:13     | Reached skill level 5 in Shields
 16663 | D:13     | Reached skill level 18 in Spellcasting
 16665 | D:13     | Killed a seven-headed hydra
 16772 | D:13     | Noticed a centaur warrior
 16774 | D:13     | Shot with an arrow by a centaur warrior

Illustrated notes

Levels and vault maps discovered:
D:1:      minmay_arrival_floating_metal, layout_basic,
          chequers_ecumenical_altar_twisty, glass_columns_c
D:2:      cheibrodos_old_hovel, layout_loops_ring
D:3:      layout_basic, grunt_temple_overflow_open, serial_shops,
          nicolae_shop_waterfront, uniq_grinder
D:4:      layout_gridville, minmay_temple_entry_statues,
          cheibrodos_sewer_entry_sluice, nicolae_shop_overcharged_wands
D:5:      layout_cave_pools, hellmonk_okawaru_the_only_friend_you_need
D:6:      layout_cave_pools, serial_shops, nicolae_shop_getting_attention
D:7:      layout_basic, mainiacjoe_overflow_boulevard, enter_bailey_3,
          grunt_decor_junction
D:8:      layout_basic, lair_entry_dummy, gammafunk_ghost_abyssal_escape,
          serial_shops, nicolae_shop_temple_entry_statues_fountains
D:9:      layout_roguey, vehumet_altar_wand_db, mainiacjoe_overflow_alcove_2,
          gammafunk_temple_overflow_forgotten, nicolae_fountain_basement,
          uniq_joseph
D:10:     layout_big_octagon, zombieorc1_lemuel
D:11:     layout_cave_pools, serial_shops, nicolae_shop_behind_doors,
          fedhas_altar_2
D:12:     layout_basic, minmay_crystal_box, uniq_kirke, uniq_maurice
D:13:     kennysheep_blocky_hall, layout_loops_corners, uniq_rupert
Temple:   eino_temple_lava
Lair:1:   layout_roguey, portal_ice_cave_entry_ice_simulacra

Skill      XL: |  1  2  3  4  5  6  7  8  9 10 11 12 |
---------------+-------------------------------------+-----
Spellcasting   | 5 6 7 9 10 12 14 16 18 | 18.1
Armour         | 1 2 3 4 |  4.4
Fighting       | 1 2 3 4 |  4.0
Conjurations   | 2 3 4 5 7 8 9 10 | 10.8
Dodging        | 3 |  3.0
Stealth        | 3 |  3.0
Air Magic      | 1 |  1.0
Poison Magic   | 1 |  1.0
Evocations     | 1 |  1.0
Summonings     | 2 3 4 6 7 |  7.2
Fire Magic     | 2 5 7 |  7.4
Shields        | 3 5 |  5.0
Translocations | |  1.1

Action                     |  1- 3 |  4- 6 |  7- 9 | 10-12 || total
---------------------------+-------+-------+-------+-------++-------
  Melee: Short sword       |     7 |    58 |     5 |       ||    70
         Whip              |       |       |   134 |   222 ||   356
         Falchion          |       |       |     6 |       ||     6
         Punch             |       |       |     3 |     4 ||     7
  Throw: Dart              |       |       |     3 |       ||     3
   Cast: Magic Dart        |    80 |   127 |   102 |   156 ||   465
         Mephitic Cloud    |     1 |    11 |    37 |    54 ||   103
         Call Imp          |       |     4 |     5 |     2 ||    11
         Blink             |       |     5 |       |     7 ||    12
         Call Canine Famil |       |       |       |    20 ||    20
         Stone Arrow       |       |       |       |   114 ||   114
         Sticky Flame      |       |       |       |    24 ||    24
         Fireball          |       |       |       |    19 ||    19
  Evoke: Wand              |       |       |     3 |     6 ||     9
    Use: Scroll            |       |       |       |    18 ||    18
   Stab: Confused          |     2 |    12 |    29 |    25 ||    68
         Sleeping          |       |     1 |     1 |       ||     2
         Distracted        |       |       |       |     1 ||     1
 Armour: Robe              |     4 |     8 |     2 |       ||    14
         Leather armour    |       |       |    22 |    10 ||    32
         Steam dragon scal |       |       |    14 |    65 ||    79
  Dodge: Dodged            |    10 |    40 |    95 |   190 ||   335

Table legend: (Time is in decaauts)
 A = Elapsed time spent in this place.
 B = Non-inter-level travel time spent in this place.
 C = Inter-level travel time spent in this place.
 D = Time resting spent in this place.
 E = Time spent auto-exploring this place.
 F = Levels seen in this place.
 G = Mean time per level.
                   A        B        C        D        E       F      G
               +--------+--------+--------+--------+--------+-----+--------+
         Total |  16996 |  15766 |   1230 |   1886 |  10458 |  18 |  944.2 |
       Dungeon |  13108 |  11924 |   1184 |   1347 |   8042 |  13 | 1008.3 |
        Temple |    106 |     97 |      9 |      0 |     61 |   1 |  106.0 |
          Lair |    925 |    888 |     37 |      0 |    737 |   1 |  925.0 |
         Sewer |    898 |    898 |      0 |      0 |    776 |   1 |  898.0 |
        Bailey |    388 |    388 |      0 |      5 |    214 |   1 |  388.0 |
      Ice Cave |   1568 |   1568 |      0 |    534 |    627 |   1 | 1568.0 |
               +--------+--------+--------+--------+--------+-----+--------+

Top non-repeatable levels by time:
     D:8: 1892 daAuts
   IceCv: 1568 daAuts
     D:3: 1431 daAuts
     D:2: 1187 daAuts
    D:11: 1149 daAuts
     D:9: 1037 daAuts
     D:4: 990 daAuts
    D:10: 990 daAuts
  Lair:1: 925 daAuts
     D:7: 904 daAuts
   Sewer: 898 daAuts
     D:1: 886 daAuts
    D:12: 881 daAuts
     D:5: 843 daAuts
     D:6: 661 daAuts
